General information
- name: BNet
- type: Ladder 1vs1/FFA
- host: Battle.net
- saver: MrFrosty
map: TirisfalGlades
- players: 2
- length: 32:00
- speed: Fast
- version: 1.21 W3XP
- replay type: Public
» download(153 KB)
Players
team 1 (loser)

»
bahbahblack (
green | 169 APM | 5417 actions | 31:57)
6 Archmage
3 Summon Water Elemental
2 Brilliance Aura
1 Mass Teleport
6 Naga Sea Witch
3 Frost Arrows
3 Forked Lightning
» actions
| Assign group hotkey | 428 | |
| Basic commands | 455 | |
| Build / train | 92 | |
| Enter build submenu | 15 | |
| Enter hero's abilities submenu | 14 | |
| Give item / drop item | 3 | |
| Right click | 2110 | |
| Select / deselect | 1231 | |
| Select group hotkey | 874 | |
| Use ability | 195 | |
5417 total
» units
| Peasant | 14 | |
| Footman | 9 | |
| Priest | 9 | |
| Spell Breaker | 19 | |
51 total
» upgrades
» buildings
| Altar of Kings | 1 | |
| Farm | 8 | |
| Barracks | 1 | |
| Keep | 1 | |
| Arcane Sanctum | 2 | |
| Arcane Vault | 1 | |
| Blacksmith | 1 | |
15 total
» build order
00:05 Altar of Kings
00:08 Farm
00:10 Farm
00:37 Barracks
00:39 Farm
01:45 Farm
03:01 Keep
03:13 Farm
05:32 Farm
05:36 Arcane Sanctum
06:06 Arcane Sanctum
06:43 Arcane Vault
07:54 Farm
10:27 Farm
11:04 Blacksmith
» items
| Boots of Speed | 1 | |
| Lesser Clarity Potion | 4 | |
| Scroll of Regeneration | 4 | |
| Potion of Healing | 5 | |
| Potion of Lesser Invulnerability | 2 | |
| Scroll of Healing | 1 | |
| Staff of Teleportation | 1 | |
18 total
team 2 (winner)
MrFrosty (
teal | 124 APM | 3962 actions | 32:00)
6 Archmage
3 Summon Water Elemental
2 Brilliance Aura
1 Mass Teleport
5 Firelord
3 Summon Lava Spawn
2 Soul Burn
» actions
| Assign group hotkey | 37 | |
| Basic commands | 89 | |
| Build / train | 72 | |
| Enter build submenu | 17 | |
| Enter hero's abilities submenu | 11 | |
| Give item / drop item | 8 | |
| Remove unit from queue | 3 | |
| Right click | 2421 | |
| Select / deselect | 806 | |
| Select group hotkey | 389 | |
| Use ability | 109 | |
3962 total
» units
| Peasant | 15 | |
| Priest | 8 | |
| Sorceress | 1 | |
| Spell Breaker | 12 | |
36 total
» upgrades
» buildings
| Altar of Kings | 1 | |
| Scout Tower | 2 | |
| Farm | 8 | |
| Lumber Mill | 1 | |
| Arcane Tower | 1 | |
| Keep | 1 | |
| Guard Tower | 1 | |
| Arcane Sanctum | 2 | |
| Arcane Vault | 1 | |
| Blacksmith | 1 | |
19 total
» build order
00:07 Altar of Kings
00:21 Scout Tower
00:28 Farm
00:58 Lumber Mill
00:59 Arcane Tower
01:36 Farm
02:47 Keep
02:50 Scout Tower
03:35 Guard Tower
04:20 Farm
04:53 Farm
05:16 Arcane Sanctum
05:55 Arcane Vault
07:22 Arcane Sanctum
07:25 Farm
07:26 Farm
08:05 Farm
08:19 Farm
10:15 Blacksmith
» items
| Boots of Speed | 1 | |
| Potion of Healing | 8 | |
| Scroll of Regeneration | 2 | |
| Lesser Clarity Potion | 3 | |
| Scroll of Healing | 1 | |
| Potion of Mana | 1 | |
16 total
Chat log
(01:05 / All) bahbahblack: gl hf sir
(30:49 / All) bahbahblack: how much gold
(30:53 / All) MrFrosty: 23
(30:56 / All) bahbahblack: 28
(30:58 / All) MrFrosty: v. fun game
(30:58 / All) bahbahblack: -__-
(31:08 / All) bahbahblack: lost my am with pot
(31:09 / All) bahbahblack: =.=
(31:12 / All) MrFrosty: yeah so did i haha
(31:18 / All) bahbahblack: u wanna
(31:20 / All) bahbahblack: call it like this
(31:22 / All) bahbahblack: get a full am
(31:24 / All) bahbahblack: hp
(31:25 / All) bahbahblack: we fight
(31:25 / All) bahbahblack: !v1
(31:26 / All) bahbahblack: 1v1
(31:27 / All) MrFrosty: ive got a suprside
(31:29 / All) MrFrosty: suprise
(31:30 / All) bahbahblack: no element
(31:44 / All) bahbahblack: ?omg
(31:50 / All) bahbahblack: =.=
(31:52 / All) MrFrosty: sold my items and had 3 gold left haha
(31:53 / All) bahbahblack: gg
(31:56 / All) MrFrosty: gg wp